 Dungeon Crawl Stone Soup version 0.28.0-1-gb440e238dd (webtiles) character file.

Game seed: 78110411329863010

228 spaghetti the Ducker (level 6, 0/63 HPs)
             Began as an Octopode Berserker on Feb 20, 2022.
             Was a Believer of Trog.
             Killed from afar by an orc wizard (11 damage)
             ... with a puff of flame
             ... on level 3 of the Dungeon.
             The game lasted 00:02:47 (3270 turns).

spaghetti the Ducker (Octopode Berserker)           Turns: 3270, Time: 00:02:48

Health: 0/63       AC:  1    Str: 18    XL:     6   Next: 2%
Magic:  6/6        EV: 14    Int: 10    God:    Trog [**....]
Gold:   132        SH:  0    Dex: 11    Spells: 5/5 levels left

rFire   . . .      SeeInvis .   b - +2 dagger (elec)
rCold   . . .      Faith    .   (no shield)
rNeg    . . .      Spirit   .   (helmet restricted)
rPois   .          Reflect  .   (no amulet)
rElec   .          Harm     .   k - ring of resist corrosion
rCorr   +          Rampage  .   (no ring)
Will    .....                   (no ring)
Stlth   ..........              (no ring)
HPRegen 0.20/turn               (no ring)
MPRegen 0.10/turn               (no ring)
                                (no ring)
                                (no ring)

@: berserking, flying, very quick
A: almost no armour, amphibious, 8 rings, camouflage 1, gelatinous body 1,
(nimble swimmer 1), tentacles
a: Renounce Religion, Berserk, Trog's Hand


You were on level 3 of the Dungeon.
You worshipped Trog.
Trog was pleased with you.
You visited 1 branch of the dungeon, and saw 3 of its levels.

You collected 132 gold pieces.

Inventory:

Hand Weapons
 a - a +1 arbalest of freezing
 b - a +2 dagger of electrocution (weapon)
 l - a +0 whip
Missiles
 f - 138 stones (quivered)
 g - 38 sling bullets
Jewellery
 k - a ring of resist corrosion (left tentacle)
Wands
 j - a wand of flame (30)
Scrolls
 c - a scroll of teleportation {unknown}
 e - a scroll of identify {unknown}
 i - a scroll of immolation {unknown}


   Skills:
 - Level 3.0 Fighting
 + Level 5.7 Dodging
 - Level 4.3 Unarmed Combat


You had 5 spell levels left.
You didn't know any spells.
Your spell library was empty.

Dungeon Overview and Level Annotations

Branches:
Dungeon (3/15)

Altars:
Okawaru

Annotations:
D:3 1 runed translucent door, Crazy Yiuf


Innate Abilities, Weirdness & Mutations

You cannot wear most types of armour.
You are amphibious.
You can wear up to eight rings at the same time.
Your skin changes colour to match your surroundings (Stealth+).
Your rubbery body absorbs attacks. (AC +1, EV +1)
((You are camouflaged when in or above water. (Stealth+)))
You have tentacles for arms and can constrict up to eight enemies at once.


Message History

* * * LOW HITPOINT WARNING * * *
It was a potion of flight.
You feel very buoyant.
You fly up into the air.
The orc priest mumbles some strange prayers to Beogh against you.
You barely resist.
The orc wizard gestures wildly while chanting.
The orc wizard flickers and vanishes!
Deactivating autopickup; reactivate with Ctrl-A.
The orc priest barely misses you.
It was a potion of curing.
You feel better. The orc priest completely misses you. Something hits you.
* * * LOW HITPOINT WARNING * * *
The orc priest misses you.
Unknown command.
A red film seems to cover your vision as you go berserk!
You feel yourself moving faster!
You feel mighty! The orc priest barely misses you. Something hits you.
* * * LOW HITPOINT WARNING * * *
The orc priest closely misses you.
You hit the orc priest. You grab the orc priest. You squeeze the orc priest.
The orc priest is heavily wounded.
You constrict the orc priest.
The orc priest looks encouraged for a moment.
You puncture the orc priest! Your grab misses the orc priest.
Your squeeze misses the orc priest.
The orc priest is severely wounded.
You constrict the orc priest. Something barely misses you.
The orc priest hits you with a +0 mace.
* * * LOW HITPOINT WARNING * * *
You barely miss the orc priest. You grab the orc priest.
You squeeze the orc priest.
You kill the orc priest!
Trog accepts your kill.
You constrict the orc priest, but do no damage.
The orc priest closely misses you.
You hear some strange, mumbled words.
A puff of flame appears from out of thin air!
The puff of flame hits you!
You die...

....#.........##... ...........
.....#.......###... .............
##...##.....## #.. .......#†...
#....)###### #.. ...<.##....
#..........# #.# #...###....
##........(# #.# ##.# #.....
#.........####.#### #.###.####
##..####.##.......## #.........
#####.####......@....####...†....
#......#......)o).....#...)......
...............{.................
......................#)#).......
........................).†......
................#.......##.......
...................#######.......
................#.## ########
..................##


You could see an orc priest.

Vanquished Creatures
  A scorpion (D:3)
  An orc priest (D:3)
  A jelly (D:3)
  Jessica (D:3)
  3 adders
  2 worms
  2 dart slugs (D:1)
  4 orcs (D:3)
  8 ball pythons
  5 bats
  5 endoplasms
  3 giant cockroaches
  5 goblins (D:3)
  3 hobgoblins
  12 jackals
  9 kobolds
  A quokka (D:1)
  5 frilled lizards
  7 rats
78 creatures vanquished.

Notes
Turn   | Place    | Note
-------+----------+-------------------------------------------
     0 | D:1      | spaghetti the Octopode Berserker began the quest for the
                  | Orb.
     0 | D:1      | Reached XP level 1. HP: 16/16 MP: 1/1
    59 | D:1      | Reached XP level 2. HP: 15/21 MP: 2/2
   545 | D:1      | Reached XP level 3. HP: 13/26 MP: 3/3
   950 | D:1      | Reached ** piety under Trog
  1210 | D:2      | Found a faded altar of an unknown god.
  1310 | D:2      | Reached XP level 4. HP: 22/31 MP: 4/4
  2307 | D:3      | Reached skill level 4 in Dodging
  2594 | D:3      | Found a runed translucent door.
  2595 | D:3      | Noticed Crazy Yiuf
  2694 | D:3      | Found an iron altar of Okawaru.
  2738 | D:3      | Noticed Jessica
  2746 | D:3      | Killed Jessica
  2747 | D:3      | Reached XP level 5. HP: 36/36 MP: 5/5
  2867 | D:3      | Reached skill level 5 in Dodging
  3108 | D:3      | Reached XP level 6. HP: 40/42 MP: 6/6
  3270 | D:3      | Killed from afar by an orc wizard

Illustrated notes

Levels and vault maps discovered:
D:1:      dpeg_arrival_round_c, layout_basic
D:2:      minmay_chambers_of_twos, layout_loops_cross,
          ebering_ecumenical_altar_box
D:3:      layout_rooms, amcnicky_altar_gilded, small_statue_alley_b,
          minmay_divided_ellipse, uniq_jessica, uniq_crazy_yiuf_cottage

Skill      XL: |  1  2  3  4  5 |
---------------+----------------+-----
Unarmed Combat | 4 |  4.3
Dodging        | 4 5 |  5.7
Fighting       | |  3.0

Action                   |  1- 3 |  4- 6 || total
-------------------------+-------+-------++-------
Melee: Unarmed           |    52 |       ||    52
       Constrict         |    25 |    22 ||    47
       Tentacles         |    15 |    14 ||    29
       Punch             |     3 |     4 ||     7
       Dagger            |    21 |    75 ||    96
Invok: Berserk           |       |     3 ||     3
  Use: Scroll            |       |     1 ||     1
       Potion            |       |     2 ||     2
 Stab: Sleeping          |     7 |     5 ||    12
Armor: Skin              |     9 |    10 ||    19
Dodge: Dodged            |    39 |    62 ||   101
